 Dungeon Crawl Stone Soup version 0.28-a0-312-gbced6e68ee (webtiles) character file.

Game seed: 18041637022035871610

109 Colgate the Covert (level 4, -3/22 HPs)
             Began as a Spriggan Brigand on Aug 31, 2021.
             Was a Follower of Dithmenos.
             Slain by Natasha (8 damage)
             ... on level 3 of the Dungeon.
             The game lasted 00:14:52 (4648 turns).

Colgate the Covert (Spriggan Brigand)               Turns: 4648, Time: 00:14:54

Health: -3/22      AC:  3    Str:  7    XL:     4   Next: 60%
Magic:  5/5        EV: 16    Int: 13    God:    Dithmenos [*.....]
Gold:   69         SH:  0    Dex: 16    Spells: 3/3 levels left

rFire   . . .      SeeInvis +   b - +0 dagger (venom)
rCold   . . .      Faith    .   (shield restricted)
rNeg    . . .      Spirit   .   t - +0 robe
rPois   .          Reflect  .   (helmet restricted)
rElec   .          Harm     .   c - +0 cloak
rCorr   .          Rampage  .   (gloves unavailable)
Will    .....                   (boots unavailable)
Stlth   +++++.....              (no amulet)
HPRegen 0.07/turn               k - ring of flight
MPRegen 0.09/turn               (no ring)

@: flying, wreathed by umbra, very quick
A: very small, no large weapons, unfitting armour, see invisible, speed 3
a: Renounce Religion


You were on level 3 of the Dungeon.
You worshipped Dithmenos.
Dithmenos was aware of your devotion.
You visited 1 branch of the dungeon, and saw 3 of its levels.

You collected 69 gold pieces.

Inventory:

Hand Weapons
 a - a +4 dagger
 b - a +0 dagger of venom (weapon)
Missiles
 d - 20 poisoned darts (quivered)
 e - 2 curare-tipped darts
 i - 50 stones
Armour
 c - a +0 cloak (worn)
 t - a +0 robe (worn)
Jewellery
 k - a ring of flight (left hand)
Scrolls
 j - a scroll of amnesia
 l - 2 scrolls of magic mapping
 m - a scroll of identify {unknown}
 n - a scroll of teleportation {unknown}
 p - a scroll of noise {unknown}
 s - a scroll of holy word {unknown}
Potions
 f - 2 potions of resistance {unknown}
 g - a potion of heal wounds {unknown}
 h - 2 potions of lignification {unknown}
 o - a potion of mutation {unknown}
 q - a potion of brilliance {unknown}
 r - a potion of degeneration {unknown}


   Skills:
 - Level 1.5 Fighting
 - Level 2.1 Short Blades
 - Level 2.0 Throwing
 - Level 1.3 Dodging
 + Level 9.2 Stealth


You had 3 spell levels left.
You didn't know any spells.
Your spell library contained the following spells:

 Spells                   Type           Power      Damage    Failure   Level
 Conjure Flame            Conj/Fire      0%         6-21      67%         3
 Ignite Poison            Fire/Tmut/Pois 0%         N/A       67%         3
 Inner Flame              Hex/Fire       0%         N/A       67%         3
 Cause Fear               Hex            0%         N/A       97%         4
 Sticky Flame             Conj/Fire      0%         2d3       97%         4
 Discord                  Hex            0%         N/A       100%        8


Dungeon Overview and Level Annotations

Branches:
Dungeon (3/15)

Altars:
Dithmenos

Shops:
D:3 :[=[

Annotations:
D:3 1 runed translucent door, Crazy Yiuf, Natasha


Innate Abilities, Weirdness & Mutations

You are very small and have problems with some larger weapons.
You are too small for most types of armour.
You have supernaturally acute eyesight. (SInv)
You cover ground extremely quickly. (Speed+++)


Message History

You reach down and open the door.
Found Voelabb's Book Emporium.
There is an open door here.
There is an entrance to Voelabb's Book Emporium here.
You reach down and open the door.
There is an open door here.
There is an open door here.
You reach down and open the door.
There is an open door here.
Natasha, Servant of Life and Death comes into view.
There is a stone staircase leading down here.
The helpless Natasha fails to defend herself.
You spit Natasha like a pig!!!
You kill Natasha!
Dithmenos accepts your kill.
Natasha screams in fury as she dies!
Your Stealth skill increases to level 9!
Found Ziyz's Jewellery Shop.
You now have 69 gold pieces (gained 11).
There is an entrance to Ziyz's Jewellery Shop here.
You can access your shopping list by pressing '$'.
Natasha, Servant of Life and Death comes into view.
She is carrying a wand of polymorph (5).
You closely miss Natasha.
Natasha mumbles some strange words.
You hit Natasha.
Natasha is poisoned.
Natasha is lightly wounded.
Natasha claws you but does no damage.
You hit Natasha but do no damage.
Natasha looks as sick as possible!
Natasha is moderately wounded.
The white imp gestures at you. The puff of frost hits you!
Ouch! That really hurt!
Natasha casts a spell.
You hit Natasha but do no damage.
Natasha looks as sick as possible!
Natasha is heavily wounded.
The white imp gestures at you. The puff of frost hits you.
* * * LOW HITPOINT WARNING * * *
Natasha claws you!
You die...

'∩+..# #.....# #'#..#
#...###
#....####...######## .
.....##............# ..
.#...##............##.
......'..............
.##.###............#
.##.###......).....#
.##..##.......5.@..#
.###.##.........h5.# .#
#..#............###### .#
##.#................∩#
.####.#.................#
........................###
######.####...##..........#
.....#.## #...##..........#
.....#..# #...##..........#


You could see Natasha (extremely poisoned) and 2 white imps.

Vanquished Creatures
  Natasha (D:3)
  4 adders
  A worm (D:2)
  A dart slug (D:3)
  An orc (D:2)
  5 ball pythons
  3 endoplasms
  A giant cockroach (D:1)
  6 hobgoblins
  3 quokkas
  2 bats (D:2)
  A frilled lizard (D:1)
  6 goblins
  A kobold (D:2)
  6 rats
42 creatures vanquished.

Notes
Turn   | Place    | Note
-------+----------+-------------------------------------------
     0 | D:1      | Colgate the Spriggan Brigand began the quest for the Orb.
     0 | D:1      | Reached XP level 1. HP: 10/10 MP: 2/2
    33 | D:1      | Reached skill level 6 in Stealth
   164 | D:1      | Reached XP level 2. HP: 8/14 MP: 3/3
   770 | D:1      | Reached skill level 7 in Stealth
  1877 | D:2      | Found a faded altar of an unknown god.
  1880 | D:2      | Became a worshipper of Dithmenos the Shadowed
  1880 | D:2      | Reached * piety under Dithmenos
  2071 | D:2      | Reached XP level 3. HP: 18/18 MP: 4/4
  2219 | D:2      | Reached skill level 8 in Stealth
  3815 | D:2      | Found a shadowy altar of Dithmenos.
  4268 | D:3      | Found Ragumiuxi's Armour Shop.
  4283 | D:3      | Reached XP level 4. HP: 22/22 MP: 5/5
  4319 | D:3      | Found Gack's Armour Boutique.
  4503 | D:3      | Found a runed translucent door.
  4504 | D:3      | Noticed Crazy Yiuf
  4577 | D:3      | Found Voelabb's Book Emporium.
  4588 | D:3      | Noticed Natasha
  4595 | D:3      | Killed Natasha
  4596 | D:3      | Reached skill level 9 in Stealth
  4622 | D:3      | Found Ziyz's Jewellery Shop.
  4640 | D:3      | Noticed Natasha
  4648 | D:3      | Slain by Natasha

Illustrated notes

Levels and vault maps discovered:
D:1:      enne_arrival_octagon_isle, layout_basic
D:2:      minmay_chambers_of_ones, layout_loops_corners,
          shapermc_ecumenical_altar_mp_vishouse, hex_large
D:3:      layout_basic, serial_shops, nicolae_shop_stone,
          nicolae_lakefront_shop, shop, nicolae_shop_behind_doors, uniq_natasha,
          uniq_crazy_yiuf_cottage

Skill      XL: |  1  2  3  4 |
---------------+-------------+-----
Stealth        | 6 7 8 9 |  9.2
Fighting       | |  1.5
Short Blades   | |  2.1
Throwing       | |  2.0
Dodging        | |  1.3

Action                   |  1- 3 |  4- 6 || total
-------------------------+-------+-------++-------
Melee: Dagger            |   107 |    21 ||   128
  Use: Scroll            |     2 |       ||     2
 Stab: Sleeping          |    19 |     3 ||    22
       Distracted        |       |     1 ||     1
Armor: Robe              |    12 |     4 ||    16
Dodge: Dodged            |    62 |     8 ||    70

Table legend: (Time is in decaauts)
 A = Elapsed time spent in this place.
 B = Non-inter-level travel time spent in this place.
 C = Inter-level travel time spent in this place.
 D = Time resting spent in this place.
 E = Time spent auto-exploring this place.
 F = Levels seen in this place.
 G = Mean time per level.
                   A        B        C        D        E       F      G
               +--------+--------+--------+--------+--------+-----+--------+
         Total |   3188 |   3070 |    118 |    223 |   2244 |   3 | 1062.7 |
       Dungeon |   3188 |   3070 |    118 |    223 |   2244 |   3 | 1062.7 |
               +--------+--------+--------+--------+--------+-----+--------+

Top non-repeatable levels by time:
     D:2: 1628 daAuts
     D:1: 1210 daAuts
     D:3: 349 daAuts
